 Dungeon Crawl Stone Soup version 0.22.0 (webtiles) character file.

12 letownia2 the Insei (level 2, 15/21 HPs)
             Began as a Demonspawn Transmuter on Aug 11, 2018.
             Quit the game on level 2 of the Dungeon.
             The game lasted 00:01:54 (329 turns).

letownia2 the Insei (Demonspawn Transmuter)          Turns: 329, Time: 00:01:55

Health: 15/21      AC:  2    Str: 10    XL:     2   Next: 20%
Magic:  3/5        EV: 12    Int: 14    God:
Gold:   44         SH:  0    Dex: 13    Spells: 4/5 levels left

rFire    . . .     SeeInvis .     - Unarmed
rCold    . . .     Gourm    .   (no shield)
rNeg     . . .     Faith    .   b - +0 robe
rPois    .         Spirit   .   (no helmet)
rElec    .         Reflect  .   (no cloak)
rCorr    .         Harm     .   (no gloves)
MR       .....                  (boots currently unavailable)
Stlth    +.........             (no amulet)
HPRegen  0.07/turn              (no ring)
MPRegen  0.09/turn              (no ring)

@: appendage (expiring)
A: claws 1, talons 3
a: End Transformation


You were on level 2 of the Dungeon.
You were not hungry.
You had grown temporary talons.
You visited 1 branch of the dungeon, and saw 2 of its levels.

You collected 44 gold pieces.

Inventory:

Missiles
 a - 12 arrows
 g - 52 sling bullets
Armour
 b - a +0 robe (worn)
Scrolls
 c - a scroll of teleportation {unknown}
 e - a scroll of remove curse {unknown}
 f - a scroll of fog {unknown}
 h - 2 scrolls of identify {unknown}
 i - a scroll of amnesia {unknown}
Comestibles
 d - 2 rations


   Skills:
 - Level 1.0 Fighting
 - Level 1.7 Dodging
 + Level 3.3 Unarmed Combat
 - Level 2.0 Spellcasting
 - Level 1.7 Transmutations


You had 4 spell levels left.
You knew the following spells:

 Your Spells              Type           Power        Failure   Level  Hunger
a - Beastly Appendage     Tmut           #.....       12%         1    ##.....

Your spell library contained the following spells:

 Spells                   Type           Power        Failure   Level  Hunger
 Spider Form              Tmut/Pois      #.........   45%         3    ####...
 Blade Hands              Tmut           #.........   97%         5    ######.
 Ice Form                 Ice/Tmut       #.......     86%         4    #####..
 Sticks to Snakes         Tmut           #.......     17%         2    ###....


Dungeon Overview and Level Annotations

Branches:
Dungeon (2/15)

Altars:


Innate Abilities, Weirdness & Mutations

You have sharp fingernails.
You have claws for feet.


Message History

i - a scroll labeled EPTYSA TORIO An ooze comes into view.
Unknown command.
Casting: Beastly Appendage (safe; 12% risk of failure)
Confirm with . or Enter, or press ? or * to list all spells.
Your feet morph into talons.
The ooze quivers.
You hit the ooze but do no damage. You claw the ooze.
The ooze is heavily wounded.
The ooze closely misses you.
You hit the ooze. You claw the ooze.
You kill the ooze!
You have reached level 2!
Your demonic ancestry asserts itself...
Your fingernails lengthen.
You scratch the rat.
You kill the rat!
You see here a rat corpse.
A frilled lizard comes into view.
Are you sure you want to abandon this character and quit the game? (Confirm with "yes".)

........#.#.## ..
...........#..
..########....###.###.#.
............ .# #[..#†..
........... .# #...#.##
l.........###.###.......
#.
........................
..
........†....####.......
#.
.......@..........#.##..
.. ###
#............######.##.#
##. ....
.......................#
.. ....#
#......................#
.#...#
#......................#
<..#
..............#.######..
.......#
#+#.###.......#.# ###
.......# .. ##.........
.......# #..........


You could see a frilled lizard (sleeping).

Vanquished Creatures
  An ooze (D:2)
  A goblin (D:1)
  3 bats
  6 rats
11 creatures vanquished.

Notes
Turn   | Place    | Note
-------+----------+-------------------------------------------
     0 | D:1      | letownia2 the Demonspawn Transmuter began the quest for the Orb.
     0 | D:1      | Reached XP level 1. HP: 15/15 MP: 3/3
   172 | D:1      | Reached skill level 3 in Unarmed Combat
   324 | D:2      | Gained mutation: You have sharp fingernails. [demonic ancestry]
   324 | D:2      | Reached XP level 2. HP: 15/21 MP: 3/5
   329 | D:2      | Quit the game

Skill      XL: |  1 |
---------------+----+-----
Unarmed Combat | 3 |  3.3
Fighting       | |  1.0
Dodging        | |  1.7
Spellcasting   | |  2.0
Transmutations | |  1.7

Action                   || total
-------------------------++-------
Melee: Unarmed           ||    30
       Kick              ||     3
       Headbutt          ||     1
 Cast: Beastly Appendage ||    10
Armor: Robe              ||     8
Dodge: Dodged            ||    26
